 Dungeon Crawl Stone Soup version 0.26-a0-362-g1d9a9cd4fa (webtiles) character file.

Game seed: 6588339874819619054

478 KristoblXynda the Ruffian (level 6, -1/62 HPs)
             Began as a Troll Monk on July 18, 2020.
             Succumbed to Ijyb's poison gas
             ... on level 4 of the Dungeon.
             The game lasted 00:04:03 (2817 turns).

KristoblXynda the Ruffian (Troll Monk)              Turns: 2817, Time: 00:04:04

Health: -1/62      AC:  6    Str: 20    XL:     6   Next: 85%
Magic:  5/5        EV: 11    Int:  8    God:
Gold:   187        SH:  0    Dex: 12    Spells: 5/5 levels left

rFire    . . .     SeeInvis .     - Unarmed
rCold    . . .     Faith    .   (no shield)
rNeg     . . .     Spirit   .   a - +0 robe
rPois    .         Reflect  .   (helmet restricted)
rElec    .         Harm     .   p - scarf {+Inv}
rCorr    .                      (gloves unavailable)
MR       .....                  (boots unavailable)
Stlth    ++........             (no amulet)
HPRegen  0.60/turn              (no ring)
MPRegen  0.09/turn              (no ring)

@: lethally poisoned (-1 -> -33)
A: large, unfitting armour, claws 3, regeneration 1, shaggy fur 1, tough skin 3
a: Evoke Invisibility


You were on level 4 of the Dungeon.
You visited 1 branch of the dungeon, and saw 4 of its levels.

You collected 187 gold pieces.

Inventory:

Armour
 a - a +0 robe (worn)
 p - a scarf of invisibility (worn)
Jewellery
 n - a +4 ring of slaying {unknown}
Scrolls
 b - 4 scrolls of identify {unknown}
 c - a scroll of immolation {unknown}
 h - a scroll of blinking {unknown}
 i - 2 scrolls of remove curse {unknown}
 j - a scroll of magic mapping {unknown}
 l - a scroll of amnesia {unknown}
 q - 3 scrolls of teleportation {unknown}
Potions
 d - a potion of berserk rage
 e - 2 potions of flight {unknown}
 f - a potion of resistance {unknown}
 g - a potion of curing
 k - a potion of brilliance {unknown}
 m - a potion of magic {unknown}
 o - a potion of cancellation {unknown}


   Skills:
 + Level 4.2 Fighting
 + Level 4.2 Dodging
 - Level 1.0 Stealth
 + Level 5.1 Unarmed Combat


You had 5 spell levels left.
You didn't know any spells.
Your spell library was empty.

Dungeon Overview and Level Annotations

Branches:
Dungeon (4/15)
 Temple: D:4-7

Altars:
Okawaru
Wu Jian
Xom

Annotations:
D:4 Ijyb


Innate Abilities, Weirdness & Mutations

You are too large for most types of armour.
You have claws for hands.
Your natural rate of healing is unusually fast.
You are covered in fur. (AC +1)
You have extremely tough skin. (AC +3)


Message History

You feel sick.
You feel sick.
Ijyb is no longer berserk.
Ijyb hits you but does no damage.
You are more poisoned.
You see here 23 bolts.
You feel sick.
You feel sick. Ijyb barely misses you.
You see here 23 bolts.
You barely miss Ijyb.
You feel sick.
Ijyb zaps a wand.
Ijyb creates a blast of poison gas!
You closely miss Ijyb.
You are engulfed in poison gas.
You are lethally poisoned!
* * * LOW HITPOINT WARNING * * *
x2 You feel very sick.
You closely miss Ijyb.
You are engulfed in poison gas.
You are more poisoned.
* * * LOW HITPOINT WARNING * * *
x2 You feel very sick.
Ijyb barely misses you.
Unknown command.
You die...

#.# #.#### #.# #....#
#.# ####.# #.# #.# #.#
#.# ... #.# ≈.≈≈
#############.#
≈≈≈≈####..........[..#
≈≈....#...@§g########
#.......§§§§#
###......§§§§.#
.........§§§§.#
.......#.§§§..#
........)<#+###
............#
..........###
#+##......#


You could see Ijyb (slow).

Vanquished Creatures
  3 big kobolds (D:3)
  An orc priest (D:3)
  An iguana (D:4)
  A worker ant (D:4)
  An orc wizard (D:3)
  2 gnolls (D:3)
  An adder (D:3)
  A worm (D:3)
  2 dart slugs
  2 leopard geckos (D:3)
  11 orcs
  2 ball pythons
  3 giant cockroaches
  12 goblins
  12 hobgoblins
  4 jackals (D:3)
  52 kobolds
  7 bats
  3 frilled lizards
  5 rats
126 creatures vanquished.

Notes
Turn   | Place    | Note
-------+----------+-------------------------------------------
     0 | D:1      | KristoblXynda the Troll Monk began the quest for the Orb.
     0 | D:1      | Reached XP level 1. HP: 22/22 MP: 0/0
   217 | D:1      | Reached XP level 2. HP: 24/29 MP: 1/1
  1093 | D:2      | Reached XP level 3. HP: 36/36 MP: 2/2
  1161 | D:2      | Found an iron altar of Okawaru.
  1297 | D:2      | Found a shimmering altar of Xom.
  1492 | D:3      | Noticed a big kobold
  1499 | D:3      | Reached XP level 4. HP: 43/45 MP: 3/3
  1512 | D:3      | Killed a big kobold
  1512 | D:3      | Reached skill level 4 in Unarmed Combat
  1571 | D:3      | Reached XP level 5. HP: 33/53 MP: 4/4
  1895 | D:3      | Reached XP level 6. HP: 17/62 MP: 5/5
  2538 | D:3      | Reached skill level 5 in Unarmed Combat
  2680 | D:4      | Found an ornate altar of the Wu Jian Council.
  2780 | D:4      | Noticed Ijyb
  2816 | D:4      | HP: 2/62 [poisoned by Ijyb (poison gas)]
  2817 | D:4      | Succumbed to Ijyb's poison gas

Illustrated notes

Levels and vault maps discovered:
D:1:      minmay_arrival_loop, layout_basic, due_unseen_surprise
D:2:      layout_rooms, nicolae_overflow_hidden_temple, old_standard_altar
D:3:      minmay_goblin_kobold_castle, layout_loops_ring
D:4:      layout_basic, kennysheep_slug_shrine, nicolae_overflow_crystal_walls,
          uniq_ijyb

Skill      XL: |  1  2  3  4  5  6 |
---------------+-------------------+-----
Fighting       | 3 4 |  4.2
Dodging        | 3 4 |  4.2
Unarmed Combat | 4 5 |  5.1
Stealth        | |  1.0

Action                   |  1- 3 |  4- 6 || total
-------------------------+-------+-------++-------
Melee: Unarmed           |   120 |   206 ||   326
       Punch             |     1 |     1 ||     2
  Use: Potion            |       |     2 ||     2
 Stab: Sleeping          |     2 |     1 ||     3
Armor: Robe              |    52 |    86 ||   138
Dodge: Dodged            |    97 |   187 ||   284

Table legend:
 A = Non-vault XP
 B = Vault XP
 C = Vault XP percentage of total XP
 D = Non-vault monster count
 E = Vault monster count
 F = Vault count percentage of total count
                 A         B        C        D         E       F
            +---------+---------+-------+---------+---------+-------
      Total |     298 |     385 |  56.4 |      74 |      52 |  41.3
            +---------+---------+-------+---------+---------+-------
        D:1 |      32 |       0 |   0.0 |      19 |       0 |   0.0
        D:2 |      22 |       0 |   0.0 |      13 |       0 |   0.0
        D:3 |     162 |     381 |  70.2 |      36 |      51 |  58.6
        D:4 |      82 |       4 |   4.7 |       6 |       1 |  14.3
            +---------+---------+-------+---------+---------+-------
